 Dungeon Crawl Stone Soup version 0.27.0-1-g7a089689b8 (webtiles) character file.

Game seed: 10194626552120327723

5 gimp the Magician (level 1, -1/16 HPs)
             Began as a Mummy Warper on Aug 10, 2021.
             Slain by a goblin (3 damage)
             ... on level 1 of the Dungeon.
             The game lasted 00:00:32 (65 turns).

gimp the Magician (Mummy Warper)                      Turns: 65, Time: 00:00:32

Health: -1/16      AC:  6    Str: 14    XL:     1   Next: 66%
Magic:  4/4        EV: 11    Int: 12    God:
Gold:   0          SH:  0    Dex: 11    Spells: 5/5 levels left

rFire    x . .     SeeInvis .   a - +0 mace
rCold    + . .     Faith    .   (no shield)
rNeg     + + +     Spirit   .   b - +0 leather armour
rPois    ∞         Reflect  .   f - +2 helmet
rElec    .         Harm     .   (no cloak)
rCorr    .         Rampage  .   (no gloves)
Will     .....                  (no boots)
Stlth    +.........             (no amulet)
HPRegen  0.05/turn              (no ring)
MPRegen  0.09/turn              (no ring)

@: no status effects
A: cold resistance 1, negative energy resistance 3, torment resistance 2, heat
vulnerability 1, no potions
a: no special abilities


You were on level 1 of the Dungeon.
You visited 1 branch of the dungeon, and saw 1 of its levels.

Inventory:

Hand Weapons
 a - a +0 mace (weapon)
Missiles
 d - 5 boomerangs of dispersal (quivered)
Armour
 b - a +0 leather armour (worn)
 f - a +2 helmet (worn)
Scrolls
 c - a scroll of blinking
 e - a scroll of identify {unknown}


   Skills:
 + Level 2.1 Fighting
 * Level 1.9 Maces & Flails
 - Level 0.7 Throwing
 - Level 0.7 Armour
 - Level 1.5 Dodging
 - Level 2.6 Spellcasting
 - Level 2.4 Translocations


You had 5 spell levels left.
You didn't know any spells.
Your spell library contained the following spells:

 Spells                   Type           Power      Damage    Failure   Level
 Blink                    Tloc           N/A        N/A       19%         2
 Gell's Gravitas          Tloc           3%         N/A       34%         3
 Lesser Beckoning         Tloc           3%         N/A       34%         3
 Teleport Other           Tloc           7%         N/A       34%         3
 Manifold Assault         Tloc           7%         N/A       97%         5


Dungeon Overview and Level Annotations

Branches:
Dungeon (1/15)

Altars:


Innate Abilities, Weirdness & Mutations

You are immune to poison.
Your flesh is cold resistant. (rC+)
You are immune to negative energy. (rN+++)
You are immune to unholy pain and torment.
You are vulnerable to heat. (rF-)
You do not drink.


Message History

You barely miss the hobgoblin.
The hobgoblin is almost dead.
The hobgoblin barely misses you. The hobgoblin hits you.
You take 1 damage, and have 11/16 hp.
You hit the hobgoblin.
You kill the hobgoblin!
The endoplasm freezes you.
You are frozen.
You resist.
You completely miss the endoplasm. The endoplasm freezes you.
You are frozen.
You resist.
You take 2 damage, and have 9/16 hp.
You hit the endoplasm.
The endoplasm is almost dead.
The endoplasm freezes you.
You are frozen.
You resist.
You take 1 damage, and have 8/16 hp.
You are too injured to fight recklessly!
You are too injured to fight recklessly!
You are too injured to fight recklessly!
You hit the endoplasm.
You kill the endoplasm!
The ball python bites you. The ball python barely misses you.
You take 2 damage, and have 6/16 hp.
You sock the ball python!
You kill the ball python!
The goblin barely misses you.
You hit the goblin.
The goblin is moderately wounded.
The goblin hits you with a +0 dagger.
You take 1 damage, and have 5/16 hp.
You closely miss the goblin.
The goblin is moderately wounded.
The goblin hits you with a +0 dagger.
* * * LOW HITPOINT WARNING * * *
You take 3 damage, and have 2/16 hp.
You barely miss the goblin.
The goblin is moderately wounded.
The goblin hits you with a +0 dagger.
You die...

...................#
....................
...................
.................#
.............K..#
................#
................#
...............######
..............rg@...#
....####......##....#
......####.....###..#
..........######<######
.........##...........#
..........#+####'####+#
........#.#....#......#
...............#......#
........(..........#.#


You could see a quokka and a goblin.

Vanquished Creatures
  A ball python (D:1)
  A bat (D:1)
  An endoplasm (D:1)
  A hobgoblin (D:1)
4 creatures vanquished.

Notes
Turn   | Place    | Note
-------+----------+-------------------------------------------
     0 | D:1      | gimp the Mummy Warper began the quest for the Orb.
     0 | D:1      | Reached XP level 1. HP: 16/16 MP: 4/4
    65 | D:1      | Slain by a goblin

Illustrated notes

Levels and vault maps discovered:
D:1:      minmay_arrival_three_doors, layout_rooms, serial_shops,
          nicolae_shop_statue_plus

Action                   || total
-------------------------++-------
Melee: Mace              ||    12
Armor: Leather armour    ||     3
Dodge: Dodged            ||     5
